 Dungeon Crawl Stone Soup version 0.31-a0-263-ge8cad7f256 (webtiles) character file.

Game seed: 14593846520372233447

855 qw the Shooter (level 8, -1/48 HPs)
             Began as a Gargoyle Hexslinger on July 13, 2023.
             Slain by a two-headed ogre
             ... wielding a +0 giant club
              (10 damage)
             ... on level 6 of the Dungeon.
             The game lasted 00:01:33 (3740 turns).

qw the Shooter (Gargoyle Hexslinger)                Turns: 3740, Time: 00:01:33

Health: -1/48      AC: 14    Str: 10    XL:     8   Next: 1%
Magic:  9/9        EV: 10    Int: 13    God:
Gold:   54         SH:  0    Dex: 14    Spells: 8/9 levels left

rFire   + . .        Y - +3 sling (drain)
rCold   + + .        (no shield)
rNeg    + . .        b - +2 ring mail {rF+}
rPois   inf          (no helmet)
rElec   +            (no cloak)
rCorr   .            (no gloves)
SInv    +            a - +1 pair of boots of Shielding {rC++ Str-3}
Will    .....        h - amulet of faith
Stlth   +            l - ring of see invisible
HPRegen 0.28/turn    (no ring)
MPRegen 0.11/turn

%: faith
@: about to teleport
A: sickness immunity, AC +5, negative energy resistance 1, electricity
resistance, torment resistance 1, petrification resistance
a: no special abilities


You were on level 6 of the Dungeon.
You visited 1 branch of the dungeon, and saw 6 of its levels.

You collected 236 gold pieces.
You spent 182 gold pieces at shops.


Innate Abilities, Weirdness & Mutations

You are immune to sickness and miasma.
Your stone body is resilient. (AC +5)
You are immune to poison.
You resist negative energy. (rN+)
You are resistant to electric shocks. (rElec)
You are resistant to unholy torment.
You are immune to petrification.


   Skills:
 - Level 4.4 Fighting
 + Level 7.9 Ranged Weapons
 - Level 1.1 Armour
 - Level 1.5 Dodging
 - Level 1.0 Spellcasting
 - Level 2.6 Hexes


You had 8 spell levels left.
You knew the following spells:

 Your Spells              Type           Power      Damage    Failure   Level
a - Slow                  Hex            28%        N/A       24%         1

Your spell library contained the following spells:

 Spells                   Type           Power      Damage    Failure   Level
 Inner Flame              Hex/Fire       4%         N/A       77%         3
 Portal Projectile        Hex/Tloc       8%         N/A       77%         3
 Cause Fear               Hex            3%         N/A       93%         4

Inventory:

Hand Weapons
 Y - a +3 sling of draining (weapon)
Armour
 a - the +1 pair of boots of Shielding (worn) {rC++ Str-3}
   (You acquired it on level 2 of the Dungeon)

   Str:       It affects your strength (-3).
   rC:        It greatly protects you from cold.
 b - a +2 ring mail of fire resistance (worn)
Jewellery
 h - an amulet of faith (around neck)
 j - a ring of fire
 l - a ring of see invisible (left hand)
Scrolls
 d - a scroll of identify
Potions
 c - 2 potions of haste
 g - a potion of heal wounds
 i - a potion of curing
 k - a potion of enlightenment
 n - a potion of invisibility {unknown}

Dungeon Overview and Level Annotations

Branches:
Dungeon (6/15)
 Temple: D:4-7

Altars:
Ashenzari
Cheibriados
Kikubaaqudgha
Nemelex Xobeh
Qazlal
The Shining One

Shops:
D:5 =!?*


Message History

You kill the adder!
You see here an adder corpse.
You open the door.
There is an open door here.
A two-headed ogre comes into view. It is wielding two +0 giant clubs.
You shoot a sling bullet.
The sling bullet barely misses the two-headed ogre.
You shoot a sling bullet.
The sling bullet barely misses the two-headed ogre.
You shoot a sling bullet.
The sling bullet hits the two-headed ogre but does no damage.
You shoot a sling bullet.
The sling bullet barely misses the two-headed ogre.
You shoot a sling bullet.
The sling bullet hits the two-headed ogre!
You drain the two-headed ogre.
The two-headed ogre is moderately wounded.
The two-headed ogre hits you with a +0 giant club!
The two-headed ogre hits you with a +0 giant club.
You shoot a sling bullet.
The sling bullet hits the two-headed ogre.
You drain the two-headed ogre.
The two-headed ogre is moderately wounded.
The two-headed ogre closely misses you. The two-headed ogre barely misses you.
You shoot a sling bullet.
The sling bullet barely misses the two-headed ogre.
You shoot a sling bullet.
The sling bullet barely misses the two-headed ogre.
The two-headed ogre hits you with a +0 giant club! x2
You shoot a sling bullet.
The sling bullet hits the two-headed ogre.
You drain the two-headed ogre.
The two-headed ogre is heavily wounded.
The two-headed ogre hits you with a +0 giant club!
The two-headed ogre barely misses you.
3740 ||| READING scroll of teleportation.
As you read the scroll of teleportation, it crumbles to dust.
You feel strangely unstable.
The two-headed ogre hits you with a +0 giant club!
You die...

.... ... ...#.#
#.#.######## #
#.........<#
#.###%#########
#.....#........
#.....'........
#.#####........
# #@.......
#O.......
#........
#........
#........
....###.# .....
.# ....##


You could see a two-headed ogre (drained).

Vanquished Creatures
  A black bear (D:5)
  An ogre (D:5)
  2 phantoms
  A scorpion (D:5)
  2 hounds
  3 orc priests (D:5)
  A jelly (D:5)
  Ijyb (D:5)
  3 orc wizards
  3 gnolls (D:4)
  8 adders
  A white imp (D:5)
  2 worms
  3 dart slugs
  8 orcs
  3 bats
  6 endoplasms
  5 giant cockroaches
  5 goblins
  3 hobgoblins
  5 kobolds
  7 quokkas
  5 ball pythons
  3 frilled lizards
  5 rats
87 creatures vanquished.

Notes
Turn   | Place    | Note
-------+----------+-------------------------------------------
     0 | D:1      | qw the Gargoyle Hexslinger began the quest for the Orb.
     0 | D:1      | Reached XP level 1. HP: 12/12 MP: 2/2
     0 | D:1      | 0 ||| qw: Version: 0.3-a-52-g30416fa
     0 | D:1      | 0 ||| qw: Game counter: 7302
     0 | D:1      | 0 ||| qw: Melee chars always use a shield: true
     0 | D:1      | 0 ||| qw: God list: Okawaru
     0 | D:1      | 0 ||| qw: Allow faded altars: false
     0 | D:1      | 0 ||| qw: Do Orc after clearing Dungeon:15 true
     0 | D:1      | 0 ||| qw: Do second Lair branch before Depths: true
     0 | D:1      | 0 ||| qw: Lair rune preference: random
     0 | D:1      | 0 ||| qw: Goals: Normal
     0 | D:1      | 0 ||| PLANNING D:1-11
   104 | D:1      | Reached XP level 2. HP: 16/16 MP: 3/3
   196 | D:1      | You fall into a shaft and drop 1 floor!
   197 | D:2      | 197 ||| DRINKING 2 puce potions.
   198 | D:2      | 198 ||| DROPPING scroll of poison.
   199 | D:2      | 199 ||| DROPPING potion of brilliance.
   201 | D:2      | 201 ||| FLEEEEING.
   202 | D:2      | 202 ||| FLEEEEING.
   203 | D:2      | 203 ||| FLEEEEING.
   204 | D:2      | 204 ||| STAIRDANCE
   299 | D:1      | Reached skill level 3 in Ranged Weapons
   496 | D:1      | Reached XP level 3. HP: 12/21 MP: 4/4
   920 | D:1      | 920 ||| UPGRADING to amulet of faith.
   925 | D:1      | 925 ||| READING scroll labelled HAINNU JUESUIF.
   926 | D:1      | 926 ||| READING scroll labelled PAELYNN SUKLOH.
   927 | D:1      | 927 ||| READING 3 scrolls labelled QUATHU YTUFUGI.
   928 | D:1      | 928 ||| DROPPING 2 scrolls of immolation.
   964 | D:2      | Found a faded altar of an unknown god.
  1336 | D:2      | 1336 ||| UPGRADING to +0 ring mail.
  1346 | D:2      | 1346 ||| DROPPING +0 robe.
  1347 | D:2      | 1347 ||| READING scroll labelled LUIFOS BIKHLYETI.
  1347 | D:2      | Identified a scroll of acquirement
  1347 | D:2      | 1347 ||| ACQUIRING +1 pair of boots of Shielding {rC++
                  | Str-3}
  1347 | D:2      | Acquired the +1 pair of boots of Shielding {rC++ Str-3}
  1349 | D:2      | 1349 ||| UPGRADING to +1 pair of boots of Shielding {rC++
                  | Str-3}.
  1354 | D:2      | 1354 ||| READING scroll labelled ZOOTUETEAG.
  1422 | D:3      | Reached skill level 1 in Armour
  1478 | D:3      | Found a stormy altar of Qazlal.
  1523 | D:3      | Reached XP level 4. HP: 26/26 MP: 5/5
  1746 | D:3      | Found a snail-covered altar of Cheibriados.
  1994 | D:3      | 1994 ||| READING scroll labelled YSTAWO PODAE.
  1995 | D:3      | 1995 ||| DRINKING 2 gluggy blue potions.
  2031 | D:4      | Reached skill level 4 in Ranged Weapons
  2081 | D:4      | Found an ancient bone altar of Kikubaaqudgha.
  2137 | D:4      | Noticed a phantom
  2154 | D:4      | Killed a phantom
  2155 | D:4      | Reached skill level 5 in Ranged Weapons
  2155 | D:4      | Reached XP level 5. HP: 15/30 MP: 6/6
  2273 | D:4      | 2273 ||| READING scroll of enchant weapon.
  2273 | D:4      | 2273 ||| ENCHANTING +2 sling of draining.
  2464 | D:4      | Reached skill level 3 in Fighting
  2464 | D:4      | Reached XP level 6. HP: 37/37 MP: 7/7
  2787 | D:4      | 2787 ||| UPGRADING to ring of fire.
  2788 | D:4      | 2788 ||| DRINKING 2 metallic white potions.
  2789 | D:4      | 2789 ||| DRINKING 2 blue potions.
  2790 | D:4      | 2790 ||| READING 2 scrolls of identify.
  2790 | D:4      | 2790 ||| IDENTIFYING ruby potion
  2791 | D:4      | 2791 ||| DROPPING potion of attraction.
  2792 | D:4      | 2792 ||| DROPPING potion of magic.
  2807 | D:5      | Entered Level 5 of the Dungeon
  2838 | D:5      | Reached skill level 6 in Ranged Weapons
  2857 | D:5      | Reached XP level 7. HP: 35/44 MP: 8/8
  2903 | D:5      | Found a broken altar of Ashenzari.
  2913 | D:5      | Found Qekof's Jewellery Shop.
  2918 | D:5      | 2918 ||| SHOPLISTING +5 ring of evasion (360 gold, have
                  | 190).
  2918 | D:5      | 2918 ||| SHOPLISTING +6 ring of strength (360 gold, have
                  | 190).
  2918 | D:5      | 2918 ||| SHOPLISTING amulet of reflection (300 gold, have
                  | 190).
  2918 | D:5      | 2918 ||| SHOPLISTING amulet of the acrobat (300 gold, have
                  | 190).
  2918 | D:5      | 2918 ||| SHOPLISTING ring of positive energy (200 gold,
                  | have 190).
  2918 | D:5      | 2918 ||| BUYING ring of see invisible (150 gold).
  2918 | D:5      | Bought a ring of see invisible for 150 gold pieces
  2918 | D:5      | 2918 ||| SHOPLISTING ring of willpower (250 gold, have 40).
  2969 | D:5      | Found Amotheill's Assorted Antiques.
  2974 | D:5      | 2974 ||| SHOPLISTING embroidered robe (118 gold, have 40).
  2974 | D:5      | 2974 ||| SHOPLISTING potion of heal wounds (160 gold, have
                  | 40).
  2974 | D:5      | 2974 ||| BUYING scroll labelled AROMPE CIR BIS (32 gold).
  2974 | D:5      | Bought a scroll labelled AROMPE CIR BIS for 32 gold pieces
  2974 | D:5      | 2974 ||| SHOPLISTING scroll labelled TYISTR ETOLAT (32
                  | gold, have 8).
  2974 | D:5      | 2974 ||| SHOPLISTING sharpened bone wand (128 gold, have
                  | 8).
  3021 | D:5      | Found Qounlaru's Distillery.
  3098 | D:5      | 3098 ||| SHOPLISTING potion of curing (39 gold, have 18).
  3098 | D:5      | 3098 ||| SHOPLISTING potion of haste (130 gold, have 18).
  3098 | D:5      | 3098 ||| SHOPLISTING potion of heal wounds (65 gold, have
                  | 18).
  3098 | D:5      | 3098 ||| SHOPLISTING potion of might (52 gold, have 18).
  3098 | D:5      | 3098 ||| SHOPLISTING potion of mutation (104 gold, have
                  | 18).
  3098 | D:5      | 3098 ||| SHOPLISTING potion of resistance (130 gold, have
                  | 18).
  3108 | D:5      | Found Enun's Magic Scroll Shop.
  3117 | D:5      | 3117 ||| SHOPLISTING scroll of enchant armour (75 gold,
                  | have 18).
  3117 | D:5      | 3117 ||| SHOPLISTING scroll of enchant weapon (75 gold,
                  | have 18).
  3117 | D:5      | 3117 ||| SHOPLISTING scroll of identify (20 gold, have 18).
  3140 | D:5      | Noticed Ijyb
  3144 | D:5      | Killed Ijyb
  3254 | D:5      | Found a glowing golden altar of the Shining One.
  3269 | D:5      | Reached skill level 7 in Ranged Weapons
  3559 | D:5      | Found a sparkling altar of Nemelex Xobeh.
  3584 | D:5      | Reached XP level 8. HP: 47/48 MP: 9/9
  3662 | D:5      | 3662 ||| UPGRADING to +2 ring mail of fire resistance.
  3672 | D:5      | 3672 ||| REMOVING ring of fire.
  3673 | D:5      | 3673 ||| DROPPING +0 ring mail.
  3674 | D:5      | 3674 ||| UPGRADING to ring of see invisible.
  3675 | D:5      | 3675 ||| READING 2 scrolls labelled SOOXKI GYOM.
  3676 | D:5      | 3676 ||| READING 2 scrolls labelled AROMPE CIR BIS.
  3681 | D:5      | 3681 ||| DRINKING 2 silvery potions.
  3682 | D:5      | 3682 ||| READING 2 scrolls of identify.
  3682 | D:5      | 3682 ||| IDENTIFYING metallic emerald potion
  3683 | D:5      | 3683 ||| DROPPING scroll of amnesia.
  3711 | D:6      | 3711 ||| PLANNING SEWER
  3730 | D:6      | Noticed a two-headed ogre
  3739 | D:6      | HP: 8/48 [two-headed ogre/+0 giant club (13)]
  3740 | D:6      | 3740 ||| READING scroll of teleportation.
  3740 | D:6      | Slain by a two-headed ogre

Levels and vault maps discovered:
D:1:      mainiacjoe_arrival_reflecting_pool, layout_loops_corners
D:2:      layout_rooms, basic_ecumenical_altar
D:3:      layout_basic, grunt_qazlal_sundering, chei_slow_surprise,
          kennysheep_decorative_pillar
D:4:      layout_loops_ring, mainiacjoe_overflow_alcove_4
D:5:      layout_loops_ring, mainiacjoe_overflow_paths,
          nemelex_xobeh_ov_fountains_minmay, ashenzari_conservatory_becter,
          serial_shops, nicolae_shop_gaudy_bauble, kennysheep_little_box, shop,
          nicolae_shop_just_a_little_nook, serial_bayou_pond_b,
          kennysheep_nondescript, uniq_ijyb
D:6:      layout_basic, minmay_temple_entry_statues_pillars,
          cheibrodos_sewer_entry_bend

Skill      XL: |  1  2  3  4  5  6  7 |
---------------+----------------------+-----
Ranged Weapons | 3 5 6 7 |  7.9
Fighting       | 2 3 4 |  4.4
Armour         | 1 |  1.1
Dodging        | |  1.5
Spellcasting   | |  1.0
Hexes          | |  2.6

Action                     |  1- 3 |  4- 6 |  7- 9 || total
---------------------------+-------+-------+-------++-------
   Fire: Sling             |   106 |   130 |   107 ||   343
    Use: Potion            |     1 |     3 |     1 ||     5
         Scroll            |     5 |     3 |     4 ||    12
 Armour: Robe              |     8 |       |       ||     8
         Ring mail         |     5 |    53 |    51 ||   109
  Dodge: Dodged            |    29 |    55 |    30 ||   114

Table legend:
 A = Non-vault XP
 B = Vault XP
 C = Vault XP percentage of total XP
 D = Non-vault monster count
 E = Vault monster count
 F = Vault count percentage of total count
                 A         B        C        D         E       F
            +---------+---------+-------+---------+---------+-------
      Total |    1059 |     163 |  13.3 |      85 |       2 |   2.3
            +---------+---------+-------+---------+---------+-------
        D:1 |      35 |       0 |   0.0 |      18 |       0 |   0.0
        D:2 |      25 |       0 |   0.0 |      12 |       0 |   0.0
        D:3 |      49 |       0 |   0.0 |      12 |       0 |   0.0
        D:4 |     279 |       0 |   0.0 |      21 |       0 |   0.0
        D:5 |     658 |     163 |  19.9 |      21 |       2 |   8.7
        D:6 |      13 |       0 |   0.0 |       1 |       0 |   0.0
            +---------+---------+-------+---------+---------+-------
